 Dungeon Crawl Stone Soup version 0.28.0 (webtiles) character file.

Game seed: 17908649464072328559

2 littlexolus the Cudgeller (level 1, 0/12 HPs)
             Began as a Gargoyle Gladiator on Feb 5, 2022.
             Slain by a frilled lizard (1 damage)
             ... on level 1 of the Dungeon.
             The game lasted 00:00:40 (42 turns).

littlexolus the Cudgeller (Gargoyle Gladiator)        Turns: 42, Time: 00:00:40

Health: 0/12       AC:  6    Str: 17    XL:     1   Next: 30%
Magic:  1/1        EV: 12    Int:  8    God:
Gold:   0          SH:  0    Dex: 11    Spells: 0/0 levels left

rFire   . . .      SeeInvis .   a - +0 flail
rCold   . . .      Faith    .   (no shield)
rNeg    + . .      Spirit   .   b - +0 leather armour
rPois   ∞          Reflect  .   c - +0 helmet
rElec   +          Harm     .   (no cloak)
rCorr   .          Rampage  .   (no gloves)
Will    .....                   (no boots)
Stlth   +.........              (no amulet)
HPRegen 0.04/turn               (no ring)
MPRegen 0.07/turn               (no ring)

@: no status effects
A: sickness immunity, AC +2, negative energy resistance 1, electricity
resistance, torment resistance 1, petrification resistance
a: no special abilities


You were on level 1 of the Dungeon.
You visited 1 branch of the dungeon, and saw 1 of its levels.

Inventory:

Hand Weapons
 a - a +0 flail (weapon)
Missiles
 d - 3 throwing nets (quivered)
Armour
 b - a +0 leather armour (worn)
 c - a +0 helmet (worn)
Scrolls
 e - a scroll of vulnerability {unknown}


   Skills:
 + Level 2.2 Fighting
 + Level 3.0 Maces & Flails
 + Level 1.7 Throwing
 + Level 2.4 Dodging


You couldn't memorise any spells.
You didn't know any spells.
Your spell library was empty.

Dungeon Overview and Level Annotations

Branches:
Dungeon (1/15)

Altars:


Innate Abilities, Weirdness & Mutations

You are immune to sickness and miasma.
Your stone body is resilient. (AC +2)
You are immune to poison.
You resist negative energy. (rN+)
You are resistant to electric shocks. (rElec)
You are resistant to unholy torment.
You are immune to petrification.


Message History

Found an escape hatch in the floor.
A frilled lizard comes into view.
The frilled lizard hisses angrily.
You miss the frilled lizard.
The endoplasm quivers.
The frilled lizard bites you.
You hit the frilled lizard.
You kill the frilled lizard!
Found 6 gold pieces.
You see here a frilled lizard corpse.
You see here a frilled lizard corpse.
The endoplasm jiggles.
You open the door.
A frilled lizard comes into view.
The frilled lizard hisses angrily.
A goblin comes into view. It is wielding a +0 club.
An endoplasm comes into view.
The frilled lizard moves out of view.
The goblin shouts!
You hit the endoplasm.
The endoplasm is lightly wounded.
You hear a shout!
The endoplasm freezes you.
You are frozen.
A bat comes into view.
The endoplasm freezes you.
You are frozen.
* * * LOW HITPOINT WARNING * * *
You sock the endoplasm!
You kill the endoplasm!
A goblin comes into view. It is wielding a +0 club.
The endoplasm jiggles.
The bat hits you but does no damage. The bat closely misses you.
You hit the bat.
The bat is moderately wounded.
The bat barely misses you. x2
You miss the frilled lizard. The bat hits you but does no damage.
The frilled lizard bites you.
You die...

.. ..######### .
.........# ..
#.......###
...####.......#.#####
......'.............>
#g#..........# #
#..#.g.†.......## . .
#...J.l@b.......##.#..
....#.#...........#....
.$..............≈≈≈≈...
....#.#######......≈...
....#.#########.≈≈≈≈...
................####...
.. .#####..######## ..
.. ##'##≈≈≈≈≈## .
###8........##


You could see an endoplasm, 2 goblins, a bat and a frilled lizard.

Vanquished Creatures
  An endoplasm (D:1)
  A frilled lizard (D:1)
2 creatures vanquished.

Notes
Turn   | Place    | Note
-------+----------+-------------------------------------------
     0 | D:1      | littlexolus the Gargoyle Gladiator began the quest for the
                  | Orb.
     0 | D:1      | Reached XP level 1. HP: 12/12 MP: 1/1
    42 | D:1      | Slain by a frilled lizard

Illustrated notes

Levels and vault maps discovered:
D:1:      wander_arrival_chamber, layout_basic, serial_rivers,
          chequers_serial_rivers_micro_d, chequers_serial_rivers_room_a,
          chequers_serial_rivers_micro_d, chequers_serial_rivers_micro_e,
          chequers_serial_rivers_micro_d, chequers_serial_rivers_marsh,
          hellmonk_ecumenical_altar_heavens_door, minmay_bisected

Action                   || total
-------------------------++-------
Melee: Flail             ||     6
Armor: Leather armour    ||     2
Dodge: Dodged            ||     3
